 Dungeon Crawl Stone Soup version 0.18-a0-1123-gbd92598 (webtiles) character file.

924 M4edhros the Ducker (level 8, -1/45 HPs)
             Began as an Octopode Artificer on Jan 20, 2016.
             Was a Believer of Ru.
             Slain by a human zombie (7 damage)
             ... in an ossuary.
             The game lasted 00:10:35 (4279 turns).

M4edhros the Ducker (Octopode Artificer)            Turns: 4279, Time: 00:10:35

Health: -1/45      AC:  1    Str: 10    XL:     8   Next: 10%
Magic:  12/12      EV: 15    Int: 19    God:    Ru [**....]
Gold:   96         SH:  0    Dex: 15    Spells: 0 memorised, 7 levels left

rFire  . . .     SeeInvis .     z - +7 scythe of Evisceration {venom, rC+ Int+4 Dex+3}
rCold  + . .     Gourm    .     (shield currently unavailable)
rNeg   . . .     Faith    .     (helmet restricted)
rPois  +         Spirit   .     (no amulet)
rElec  .         Dismiss  .     y - ring of flight
rCorr  .         Reflect  .     (no ring)
SustAt .         Harm     .     (no ring)
MR     .....                    (no ring)
Stlth  ..........               (no ring)
                                (no ring)
                                (no ring)
                                (no ring)

@: about to teleport, no scrolls, starving, not resistant to hostile
enchantments, extremely unstealthy
A: almost no armour, amphibious, 8 rings, constrict 8, camouflage 1, blurry
vision 1, dopey 1, frail 1, poison resistance, wild magic 1, gelatinous body 1,
inability to read while threatened, no stealth
a: Renounce Religion, Evoke Flight


You were in an ossuary.
You worshipped Ru.
Ru was pleased with you.
You were starving.

You visited 1 branch of the dungeon, and saw 6 of its levels.
You also visited: Ossuary.

You collected 368 gold pieces.
You spent 272 gold pieces at shops.

Inventory:

Hand Weapons
 a - a +0 short sword
 x - a +0 flail of draining
 z - the +7 scythe of Evisceration (weapon) {venom, rC+ Int+4 Dex+3}
   (You bought it in a shop on level 5 of the Dungeon)

   It poisons the flesh of those it strikes.
   It affects your intelligence (+4).
   It affects your dexterity (+3).
   It protects you from cold.
Missiles
 i - 73 stones (quivered)
 s - 72 sling bullets
Jewellery
 y - a ring of flight (left tentacle)
Wands
 b - a wand of flame (15/48)
 c - a wand of enslavement (14/24)
 d - a wand of random effects (10/48)
 n - a wand of fire (6/15)
Scrolls
 e - 4 scrolls of remove curse {unknown}
 k - a scroll of teleportation
 l - 2 scrolls of blinking
 m - 2 scrolls of enchant weapon {unknown}
 o - 2 scrolls of enchant armour
 p - a scroll of fog
 t - 3 scrolls of identify
 v - 2 scrolls of random uselessness {unknown}
 w - a scroll of noise {unknown}
 A - a scroll of brand weapon {unknown}
Potions
 g - a potion of ambrosia
Comestibles
 f - 5 bread rations
 h - 4 meat rations
 q - 2 slices of pizza
 r - a beef jerky
 u - a royal jelly


   Skills:
 + Level 2.1 Fighting
 - Level 1.0 Short Blades
 * Level 2.1 Polearms
 * Level 6.0 Dodging
   Level 0.0 Stealth
 + Level 5.5 Evocations


You had 7 spell levels left.
You didn't know any spells.

Dungeon Overview and Level Annotations

Branches:
Dungeon (6/15)
 Temple: D:4-7

Altars:
Dithmenos
Pakellas
Ru
Zin

Shops:
D:5 (


Innate Abilities, Weirdness & Mutations

You cannot wear most types of armour.
You are amphibious.
You can wear up to eight rings at the same time.
You can use your tentacles to constrict eight enemies at once.
Your skin changes colour to match your surroundings (Stealth).
Your rubbery body absorbs attacks (AC +1).
You cannot read scrolls while threatened.
You cannot be stealthy.
Scrolls take you a little longer to read.
You are dopey. (Int -2)
You are frail (-10% HP).
Your system is resistant to poisons.
Your spells are a little harder to cast, but a little more powerful.


Message History

Really read with blurry vision while enemies are nearby?
The adder zombie barely misses you.
You begin reading the scroll.
You continue reading the scroll.
The rat zombie misses you. The adder zombie bites you.
* * * LOW HITPOINT WARNING * * *
As you read the scroll of teleportation, it crumbles to dust.
You feel strangely unstable.
You redirect the kobold zombie's attack!
The kobold zombie barely misses the rat zombie.
The adder zombie bites you.
* * * LOW HITPOINT WARNING * * *
The adder zombie bites you.
You feel threatened and lose the ability to read scrolls!
* * * LOW HITPOINT WARNING * * *
You focus your will and illuminate the adder zombie in retribution!
The goblin zombie misses you. The human zombie hits you.
* * * LOW HITPOINT WARNING * * *
The rat zombie bites you but does no damage.
The human zombie hits you!
You die...

##################
.............ZZZ@#
..............ZZZ#
.###......#+#..ZZ#
##∩##....## ##ZZ.#
#...#....# #Z..#
#.#'#....# #...#
#.#.##..## ##.Z#
..#..#..# #..#
..#..#..# #..#


You could see an adder zombie, 3 rat zombies, 2 goblin zombies, 2 kobold
zombies, an orc zombie, 2 elf zombies and a human zombie.

Vanquished Creatures
  Sigmund (D:3)
  Menkaure (D:6)
  Edmund (D:5)
  A sky beast (D:6)
  A phantom (D:2)
  A crimson imp (D:6)
  A giant frog skeleton (D:4)
  4 worker ants
  A big kobold zombie (Ossuary)
  2 hound zombies (Ossuary)
  2 mummies (Ossuary)
  5 adders
  An ooze (D:2)
  2 adder zombies (Ossuary)
  4 worms
  2 giant geckos (D:3)
  7 orcs (D:3)
  8 bats
  5 giant cockroaches
  5 goblins
  5 hobgoblins
  5 jackals
  A quokka (D:5)
  2 ball pythons
  A giant gecko zombie (D:6)
  5 giant newts
  A goblin zombie (Ossuary)
  A hobgoblin zombie (Ossuary)
  A jackal zombie (Ossuary)
  10 kobolds
  2 kobold zombies (Ossuary)
  A quokka skeleton (D:4)
  3 quokka zombies (Ossuary)
  6 rats
  A rat zombie (Ossuary)
100 creatures vanquished.

Vanquished Creatures (others)
  A sky beast (D:6)
  An adder zombie (Ossuary)
2 creatures vanquished.

Grand Total: 102 creatures vanquished

Notes
Turn   | Place    | Note
--------------------------------------------------------------
     0 | D:1      | M4edhros the Octopode Artificer began the quest for the Orb.
     0 | D:1      | Reached XP level 1. HP: 13/13 MP: 3/3
   110 | D:2      | Found a sacrificial altar of Ru.
   133 | D:2      | Became a worshipper of Ru the Awakened
   184 | D:1      | Reached XP level 2. HP: 18/18 MP: 4/4
   960 | D:2      | Reached XP level 3. HP: 23/23 MP: 5/5
  1113 | D:2      | Gained mutation: You cannot read scrolls while threatened. [Ru sacrifice]
  1113 | D:2      | Reached * piety under Ru
  1267 | D:2      | Noticed a phantom
  1293 | D:3      | Reached XP level 4. HP: 10/28 MP: 6/6
  1506 | D:3      | Noticed Sigmund
  1516 | D:3      | Killed Sigmund
  1516 | D:3      | Reached skill level 4 in Dodging
  1516 | D:3      | Reached skill level 5 in Stealth
  1516 | D:3      | Reached XP level 5. HP: 33/33 MP: 6/8
  1659 | D:3      | Reached XP level 6. HP: 25/38 MP: 9/9
  1855 | D:3      | Found a shadowy altar of Dithmenos.
  2321 | D:2      | Killed a phantom
  2325 | D:2      | Found an oddly glowing altar of Pakellas.
  2551 | D:4      | Reached skill level 6 in Stealth
  2628 | D:4      | Found a glowing silver altar of Zin.
  3015 | D:4      | Reached XP level 7. HP: 27/43 MP: 10/10
  3059 | D:5      | Entered Level 5 of the Dungeon
  3073 | D:5      | Found Butz's Antique Weapon Shop.
  3099 | D:5      | Gained mutation: You cannot be stealthy. [Ru sacrifice]
  3099 | D:5      | Reached ** piety under Ru
  3314 | D:5      | Noticed Edmund
  3363 | D:5      | Killed Edmund
  3363 | D:5      | Reached skill level 5 in Dodging
  3363 | D:5      | Reached skill level 5 in Evocations
  3662 | D:5      | Bought a pitted scythe for 272 gold pieces
  3662 | D:5      | Identified the +7 scythe of Evisceration {venom, rC+ Int+4 Dex+3} (You bought it in a shop on level 5 of the Dungeon)
  3703 | D:6      | Reached skill level 1 in Polearms
  3822 | D:6      | Noticed Menkaure
  3828 | D:6      | Killed Menkaure
  3835 | D:6      | Gained mutation: You are dopey. (Int -2) [mutagenic meat]
  3836 | D:6      | Gained mutation: Scrolls take you a little longer to read. [mutagenic meat]
  3838 | D:6      | Gained mutation: Your spells are a little harder to cast, but a little more powerful. [mutagenic meat]
  3839 | D:6      | Gained mutation: You are frail (-10% HP). [mutagenic meat]
  3840 | D:6      | Gained mutation: Your system is resistant to poisons. [mutagenic meat]
  3872 | D:6      | Found a sand-covered staircase.
  3892 | Ossuary  | Entered an ossuary
  3908 | Ossuary  | Reached XP level 8. HP: 16/45 MP: 12/12
  4171 | Ossuary  | Reached skill level 6 in Dodging
  4257 | Ossuary  | HP: 2/45 [adder zombie (3)]
  4279 | Ossuary  | Slain by a human zombie

Vault maps used:
D:1:      ncdulo_smallfort
D:2:      nicolae_ru_sacrificial_ziggurat, minmay_misc_feat_rugged,
          grunt_pakellas_salt
D:3:      lemuel_coloured_pillars_altar, uniq_sigmund
D:4:      zin_statuary, first_bread
D:5:      serial_shops, shop, uniq_edmund
D:6:      kennysheep_little_box, enter_ossuary_2, minmay_lizard_king,
          uniq_menkaure
Ossuary:  minmay_ossuary_two_tombs

Action                   |  1- 3 |  4- 6 |  7- 9 || total
-------------------------+-------+-------+-------++-------
Melee: Short sword       |    75 |   106 |    14 ||   195
       Scythe            |       |       |    55 ||    55
       Flail             |       |       |     7 ||     7
Invok: Sacrifice Words   |     1 |       |       ||     1
       Sacrifice Stealth |       |       |     1 ||     1
Evoke: Wand              |       |     2 |     5 ||     7
  Use: Scroll            |       |     5 |     1 ||     6
       Potion            |       |     6 |     3 ||     9
 Stab: Sleeping          |    11 |     8 |       ||    19
       Paralysed         |       |     4 |       ||     4
       Invisible         |       |       |     1 ||     1
  Eat: Chunk             |       |     6 |     9 ||    15
